 Dungeon Crawl Stone Soup version 0.21.1-1-g345015fe64 (webtiles) character file.

1129 Oravi the Slinger (level 8, -6/54 HPs)
             Began as a Halfling Hunter on Apr 18, 2018.
             Mangled by Edmund
             ... wielding a +4 flail of crushing
              (10 damage)
             ... on level 5 of the Dungeon.
             The game lasted 00:15:28 (5205 turns).

Oravi the Slinger (Halfling Hunter)                 Turns: 5205, Time: 00:15:29

Health: -6/54      AC:  7    Str: 13    XL:     8   Next: 62%
Magic:  8/8        EV: 16    Int:  9    God:
Gold:   331        SH:  0    Dex: 17    Spells: 7/7 levels left

rFire    + . .     SeeInvis .   b - +1 short sword (speed)
rCold    . . .     Gourm    .   (shield restricted)
rNeg     . . .     Faith    .   q - +2 robe {Archmagi}
rPois    .         Spirit   .   (no helmet)
rElec    .         Reflect  .   (no cloak)
rCorr    .         Harm     .   v - +0 pair of gloves
MR       .....                  o - +1 pair of boots
Stlth    +.........             (no amulet)
HPRegen  0.18/turn              l - ring of loudness (curse)
MPRegen  0.11/turn              t - ring of protection from fire

@: no status effects
A: small, mutation resistance 1
a: no special abilities


You were on level 5 of the Dungeon.
You were not hungry.

You visited 1 branch of the dungeon, and saw 5 of its levels.

You collected 331 gold pieces.

Inventory:

Hand Weapons
 a - a +2 hunting sling
 b - a +1 short sword of speed (weapon)
Missiles
 d - 14 sling bullets
 e - 73 stones (quivered)
Armour
 c - a +0 leather armour
 o - a +1 pair of boots (worn)
 q - a +2 robe of the Archmagi (worn)
 v - a +0 pair of gloves (worn)
Jewellery
 l - a cursed ring of loudness (left hand)
 m - an uncursed amulet of magic regeneration {unknown}
 t - a ring of protection from fire (right hand)
 u - an uncursed amulet of harm {unknown}
Scrolls
 h - 2 scrolls of blinking
 n - a scroll of enchant armour
 p - 5 scrolls of teleportation
 r - 2 scrolls of magic mapping
 w - a scroll of remove curse {unknown}
Potions
 j - a potion of haste
 k - a potion of might {unknown}
 s - 2 potions of agility {unknown}
Comestibles
 f - 7 rations


   Skills:
 + Level 4.2 Fighting
 * Level 4.7 Short Blades
 + Level 11.4 Slings
 + Level 0.6 Armour
 + Level 3.3 Dodging
 - Level 1.1 Stealth


You had 7 spell levels left.
You didn't know any spells.

Dungeon Overview and Level Annotations

Branches:
Dungeon (5/15)
 Temple: D:4-7

Altars:
Fedhas

Annotations:
D:5 Edmund


Innate Abilities, Weirdness & Mutations

You are small and have problems with some larger weapons.
You are somewhat resistant to further mutation.


Message History

You feel better.
Edmund hits you with a flail of crushing.
* * * LOW HITPOINT WARNING * * *
x2 Edmund says, "A flail is better than a scythe, any day of the week!"
Edmund closely misses you.
You feel better.
Edmund hits you with a flail of crushing.
* * * LOW HITPOINT WARNING * * *
x2 You feel better.
Edmund hits you with a flail of crushing.
* * * LOW HITPOINT WARNING * * *
x2
Okay, then.
Edmund hits you with a flail of crushing!
* * * LOW HITPOINT WARNING * * *
x2 Edmund barely misses you.
Edmund is no longer moving quickly.
Edmund drinks a potion.
Edmund seems to speed up.
There is a stone staircase leading up here.
Edmund hits you with a flail of crushing!
You die...

#########....###.#..#
###..#...##.#
###....## #.#
#.....## #.## .
###.<#...# #..##.
#........#####....
#÷.........# #..#.
#†......##.###..#.
#@@.....##..#...#.
#..o....###.......
##...oo..##........
#..........##.#......
#.########o##.##.....
#. .......o...##...#.
. ..........###...#.
..........###)..oo
...........[..#...


You could see Edmund, 2 orc priests and 2 orcs.

Vanquished Creatures
  An ice beast (D:5)
  A sky beast (D:5)
  2 ogres (D:4)
  A big kobold (D:4)
  A howler monkey (D:5)
  A crimson imp (D:4)
  3 hounds
  2 orc priests
  3 orc wizards (D:4)
  An iguana (D:4)
  Natasha (D:2)
  3 worker ants
  A hound zombie (D:5)
  4 gnolls (D:3)
  3 adders
  A shadow imp (D:5)
  An ooze (D:3)
  An adder skeleton (D:3)
  4 worms (D:2)
  3 dart slugs
  6 leopard geckos
  20 orcs
  8 bats
  8 giant cockroaches
  A goblin (D:2)
  8 hobgoblins
  11 jackals
  10 kobolds
  A quokka (D:4)
  A ball python skeleton (D:4)
  14 frilled lizards
  A leopard gecko zombie (D:5)
  9 rats
  2 plants (D:4)
138 creatures vanquished.

Vanquished Creatures (others)
  An orc wizard (D:4)
  A plant (D:4)
2 creatures vanquished.

Grand Total: 140 creatures vanquished

Notes
Turn   | Place    | Note
-------+----------+-------------------------------------------
     0 | D:1      | Oravi the Halfling Hunter began the quest for the Orb.
     0 | D:1      | Reached XP level 1. HP: 14/14 MP: 1/1
    51 | D:1      | Reached skill level 6 in Slings
   120 | D:1      | Reached XP level 2. HP: 19/19 MP: 2/2
   320 | D:1      | Reached XP level 3. HP: 24/24 MP: 3/3
   704 | D:2      | Reached skill level 1 in Short Blades
   742 | D:2      | Reached skill level 7 in Slings
   865 | D:2      | Reached XP level 4. HP: 29/29 MP: 4/4
  1073 | D:2      | Noticed Natasha
  1085 | D:2      | Killed Natasha
  1151 | D:2      | Reached XP level 5. HP: 23/34 MP: 5/5
  1468 | D:2      | Found a blossoming altar of Fedhas.
  1829 | D:3      | Reached skill level 8 in Slings
  2105 | D:3      | Reached XP level 6. HP: 16/41 MP: 6/6
  3117 | D:4      | Reached skill level 9 in Slings
  3223 | D:4      | Noticed an ogre
  3228 | D:4      | Killed an ogre
  3228 | D:4      | Reached XP level 7. HP: 46/46 MP: 7/7
  3842 | D:4      | Reached skill level 10 in Slings
  4326 | D:4      | Reached XP level 8. HP: 52/54 MP: 8/8
  4646 | D:5      | Entered Level 5 of the Dungeon
  4761 | D:5      | Reached skill level 11 in Slings
  5152 | D:5      | Noticed Edmund
  5191 | D:5      | HP: 2/54 [Edmund/flail of crushing (2)]
  5205 | D:5      | Mangled by Edmund

Skill      XL: |  1  2  3  4  5  6  7  8 |
---------------+-------------------------+-----
Slings         | 6 7 8 9 10 11 | 11.4
Short Blades   | 1 2 3 4 |  4.7
Fighting       | 2 3 4 |  4.2
Dodging        | 3 |  3.3
Armour         | |  0.6
Stealth        | |  1.1

Action                   |  1- 3 |  4- 6 |  7- 9 || total
-------------------------+-------+-------+-------++-------
Melee: Short sword       |       |     2 |   251 ||   253
 Fire: Hunting sling     |    99 |   253 |   205 ||   557
  Use: Scroll            |     3 |     5 |     1 ||     9
       Potion            |       |     1 |     4 ||     5
  Eat: Chunk             |       |     7 |     6 ||    13
Armor: Leather armour    |     3 |     7 |       ||    10
       Robe              |       |     6 |    34 ||    40
Dodge: Dodged            |    12 |    51 |    78 ||   141
